 Dungeon Crawl Stone Soup version 0.31.0-12-g77e489cdc1 (webtiles) character file.

Game seed: 6552570517680381221

12865 Baz the Fighter (level 11, -3/93 HPs)
             Began as a Minotaur Fighter on Feb 23, 2024.
             Was a Follower of Hepliaklqana.
             Slain by an anaconda simulacrum (6 damage)
             ... in an ice cave.
             The game lasted 00:19:22 (10922 turns).

Baz the Fighter (Minotaur Fighter)                 Turns: 10922, Time: 00:19:23

Health: -3/93      AC: 14    Str: 22    XL:     11   Next: 68%
Magic:  10/10      EV:  6    Int:  5    God:    Hepliaklqana [*.....]
Gold:   474        SH:  7    Dex: 16    Spells: 10/10 levels left

rFire   . . .        o - +9 short sword of Essiapa {elec, rPois Dex+3}
rCold   + + .        c - +0 buckler
rNeg    . . .        s - +2 scale mail {rC+}
rPois   +            (helmet restricted)
rElec   .            l - scarf {shadows}
rCorr   .            U - +0 pair of gloves
SInv    .            Q - +0 pair of boots
Will    .....        D - amulet of the acrobat Stlth
                     J - ring of protection from fire
HPRegen 0.35/turn    P - ring of ice
MPRegen 0.12/turn

%: acrobat
@: constricted, invisible
A: reduced essence, horns 2, retaliatory headbutt
a: Renounce Religion, Recall Ancestor, Ancestor Identity


You were in an ice cave.
You worshipped Hepliaklqana.
Hepliaklqana was aware of your devotion.
You visited 3 branches of the dungeon, and saw 13 of its levels.
You also visited: Bailey and Ice Cave.

You collected 621 gold pieces.
You spent 147 gold pieces at shops.

Inventory:

Hand Weapons
 o - the +9 short sword of Essiapa (weapon) {elec, rPois Dex+3}
   (You found it on level 2 of the Dungeon)

   Dex+3:     It affects your dexterity (+3).
   rPois:     It protects you from poison
 G - the +8 short sword of Discomfort {flame, rF+ rC- Str+3 Int+4}
   (You found it on level 6 of the Dungeon)

   Str+3:     It affects your strength (+3).
   Int+4:     It affects your intelligence (+4).
   rF+:       It protects you from fire.
   rC-:       It makes you vulnerable to cold.
 T - a +2 scimitar of freezing
Missiles
 r - a throwing net (quivered)
Armour
 c - a +0 buckler (worn)
 l - a scarf of shadows (worn)
 q - the +10 plate armour "Nineal" {rElec rPois rF-}
   (You found it on level 3 of the Dungeon)

   rF-:       It makes you vulnerable to fire.
   rElec:     It insulates you from electricity.
   rPois:     It protects you from poison
 s - a +2 scale mail of cold resistance (worn)
 I - a +0 tower shield
 Q - a +0 pair of boots (worn)
 U - a +0 pair of gloves (worn)
Jewellery
 w - an amulet of faith
 D - an amulet of the acrobat (around neck)
 F - a ring of positive energy
 J - a ring of protection from fire (left hand)
 P - a ring of ice (right hand)
 R - a ring of willpower
Wands
 x - a wand of iceblast (10)
 C - a wand of digging (10)
 K - a wand of quicksilver (9)
 V - a wand of charming (1)
Scrolls
 b - a scroll of poison {unknown}
 e - 3 scrolls of blinking
 f - 2 scrolls of teleportation
 k - 6 scrolls of enchant weapon
 m - 2 scrolls of vulnerability {unknown}
 u - 3 scrolls of amnesia
 v - 2 scrolls of fog {unknown}
 y - 2 scrolls of fear
 z - a scroll of acquirement
 A - 2 scrolls of revelation
 B - 2 scrolls of noise {unknown}
 L - 4 scrolls of enchant armour
 M - 4 scrolls of summoning
 N - a scroll of torment {unknown}
 O - 2 scrolls of immolation {unknown}
Potions
 a - a potion of brilliance {unknown}
 d - 5 potions of might
 g - a potion of resistance
 h - a potion of ambrosia
 i - 6 potions of curing {unknown}
 j - a potion of mutation {unknown}
 n - 3 potions of haste
 p - 3 potions of invisibility
 t - 2 potions of heal wounds {unknown}
 E - 2 potions of cancellation {unknown}
 H - a potion of enlightenment {unknown}
 S - a potion of attraction {unknown}
Miscellaneous
 W - a tin of tremorstones (2/2)


   Skills:
 + Level 11.9 Fighting
 + Level 11.5 Long Blades
 + Level 11.9 Armour
 + Level 11.8 Shields


You had 10 spell levels left.
You didn't know any spells.
Your spell library contained the following spells:

 Spells                   Type           Power      Damage    Failure   Level
 Kiss of Death            Conj/Necr      0%         2d5       78%         1
 Necrotise                Necr           0%         1d4       78%         1
 Scorch                   Fire           0%         2d5       89%         2
 Confusing Touch          Hex            0%         N/A       98%         3
 Ozocubu's Armour         Ice            0%         N/A       98%         3
 Vampiric Draining        Necr           0%         2d6       98%         3
 Dispel Undead            Necr           0%         3d6       100%        4
 Flame Wave               Conj/Fire      0%         2d4       100%        4
 Martyr's Knell           Necr/Summ      0%         N/A       100%        4
 Curse of Agony           Necr           0%         N/A       100%        5
 Metabolic Englaciation   Hex/Ice        0%         N/A       100%        5
 Sculpt Simulacrum        Ice/Alch       0%         N/A       100%        6
 Summon Cactus Giant      Summ           0%         N/A       100%        6


Dungeon Overview and Level Annotations

Branches:
Dungeon (11/15)            Temple (1/1) D:7            Lair (1/5) D:11
 Bailey (visited)           IceCv (1/1)
    Orc: D:9-12

Altars:
Ashenzari
Cheibriados
Dithmenos
Fedhas
Gozag
Hepliaklqana
Kikubaaqudgha
Makhleb
Nemelex Xobeh
Okawaru
Qazlal
Ru
Sif Muna
Trog
Uskayaw
Vehumet
Wu Jian
Xom
Yredelemnul

Shops:
D:1 [   D:4 :   D:5 (

Annotations:
D:9 Erolcha
Temple 2 transporters IceCv exclusion: 3 ice statues


Innate Abilities, Weirdness & Mutations

Your life essence is reduced to manifest your ancestor. (-10% HP)
You have a pair of horns on your head.
You reflexively headbutt those who attack you in melee.


Message History

The ice beast completely misses you.
You block the anaconda simulacrum's attack.
The anaconda simulacrum bites you but does no damage.
You see here a tin of tremorstones (2/2).
W - a tin of tremorstones (2/2)
You block the anaconda simulacrum's attack. x2
The ice beast hits you but does no damage.
Unknown command.
You hit the anaconda simulacrum.
Your headbutt misses the anaconda simulacrum.
The anaconda simulacrum is lightly damaged.
You block the anaconda simulacrum's attack.
The anaconda simulacrum bites you. The anaconda simulacrum freezes you.
You resist.
* * * LOW HITPOINT WARNING * * *
You puncture the anaconda simulacrum! You headbutt the anaconda simulacrum!
The anaconda simulacrum is almost destroyed.
The anaconda simulacrum grabs you.
The anaconda simulacrum bites you but does no damage.
The anaconda simulacrum constricts you.
The ice beast hits you but does no damage.
Unknown command.
You barely miss the anaconda simulacrum.
Your headbutt misses the anaconda simulacrum.
The anaconda simulacrum is almost destroyed.
The anaconda simulacrum bites you but does no damage.
The anaconda simulacrum constricts you.
* * * LOW HITPOINT WARNING * * *
The ice beast hits you but does no damage.
The white ugly thing tail-slaps you!
* * * LOW HITPOINT WARNING * * *
The white ugly thing freezes you! You resist.
* * * LOW HITPOINT WARNING * * *
The anaconda simulacrum bites you but does no damage.
The anaconda simulacrum constricts you.
* * * LOW HITPOINT WARNING * * *
It was a potion of invisibility.
You fade into invisibility!
The anaconda simulacrum bites you.
You die...

######## #######
[#....8## ##..(Y@#
.#.....☼###....uZ#
.#....°YY#......Z#
.......○°8....../#
.#.....○.#.......#
.#......###.....)#
(#....8## ##..?.)#
######## #######


You could see a white ugly thing (unable to see you), an ice beast (summoned,
unable to see you), an anaconda simulacrum (unable to see you) and a
three-headed hydra simulacrum (unable to see you).

Vanquished Creatures
  2 two-headed ogres (D:11)
  3 death yaks (D:11)
  An orc knight (Bailey)
  An ugly thing (IceCv)
  A komodo dragon (Lair:1)
  A hornet (D:11)
  A troll (D:9)
  Grinder (D:3)
  3 shadows
  Sigmund (D:2)
  Grum (D:8)
  Eustachio (D:4)
  7 yaks
  A steam dragon (D:9)
  2 death yak simulacra (IceCv)
  An acid dragon (D:10)
  3 water moccasins
  A sky beast (D:8)
  6 orc warriors (Bailey)
  A black bear (D:6)
  An ice beast (D:6)
  3 centaurs
  2 wolves (D:8)
  4 phantoms
  6 kobold brigands
  4 bullfrogs
  2 gnoll sergeants
  A cane toad simulacrum (IceCv)
  2 scorpions
  13 wights
  5 howler monkeys
  5 bombardier beetles
  A lava snake (D:9)
  A gnoll bouda (D:6)
  4 jellies
  6 orc priests
  5 hounds
  3 hell rats (D:11)
  9 orc wizards
  Natasha (thrice) (D:3)
  2 iguanas (D:5)
  A polar bear simulacrum (IceCv)
  2 wolf simulacra (IceCv)
  11 gnolls
  7 adders
  A river rat (D:11)
  14 white imps
  8 ufetubi
  A dart slug (D:1)
  A ribbon worm (D:2)
  45 orcs
  9 endoplasms
  3 giant cockroaches (D:2)
  5 goblins
  5 hobgoblins
  3 jackals (D:4)
  4 quokkas
  7 ball pythons
  6 bats
  2 frilled lizards
  43 kobolds
  7 rats
306 creatures vanquished.

Vanquished Creatures (collateral kills)
  A cyclops (D:11)
  An unseen horror (D:11)
2 creatures vanquished.

Vanquished Creatures (others)
  An ancestor (D:11)
1 creature vanquished.

Grand Total: 309 creatures vanquished

Notes
Turn   | Place    | Note
-------+----------+-------------------------------------------
     0 | D:1      | Baz the Minotaur Fighter began the quest for the Orb.
     0 | D:1      | Reached XP level 1. HP: 19/19 MP: 0/0
    21 | D:1      | Found Raick's Antique Armour Emporium.
   266 | D:1      | Reached XP level 2. HP: 27/27 MP: 1/1
   632 | D:2      | Noticed Sigmund
   694 | D:2      | Reached XP level 3. HP: 33/33 MP: 2/2
   762 | D:2      | Identified the +9 short sword of Essiapa {elec, rPois
                  | Dex+3}
   904 | D:2      | Killed Sigmund
   905 | D:2      | Reached skill level 5 in Armour
   905 | D:2      | Reached XP level 4. HP: 31/41 MP: 3/3
   905 | D:2      | Reached XP level 5. HP: 36/47 MP: 4/4
  1196 | D:2      | Reached skill level 5 in Shields
  1279 | D:3      | Identified the +10 plate armour "Nineal" {rElec rPois rF-}
  1314 | D:3      | You fall into a shaft and drop 1 floor!
  1324 | D:4      | Reached skill level 5 in Fighting
  1335 | D:4      | Reached XP level 6. HP: 54/56 MP: 5/5
  1755 | D:4      | Noticed Eustachio
  1772 | D:4      | Killed Eustachio
  1773 | D:4      | Reached skill level 5 in Long Blades
  1773 | D:4      | Reached XP level 7. HP: 51/62 MP: 6/6
  1819 | D:4      | Found Xinan's Tiny Tomes.
  2344 | D:3      | Noticed Natasha
  2348 | D:3      | Killed Natasha
  2360 | D:3      | Noticed Grinder
  2365 | D:3      | Killed Grinder
  2464 | D:3      | Found a snail-covered altar of Cheibriados.
  2464 | D:3      | Found a bloodstained altar of Trog.
  2490 | D:3      | Noticed Natasha
  2498 | D:3      | Killed Natasha
  2565 | D:3      | Noticed Natasha
  2570 | D:3      | Killed Natasha
  2698 | D:3      | Found a sparkling altar of Nemelex Xobeh.
  3150 | D:5      | Entered Level 5 of the Dungeon
  3254 | D:5      | Reached XP level 8. HP: 71/71 MP: 7/7
  3532 | D:5      | Found Kasideygg's Antique Weapon Shop.
  3536 | D:5      | Bought a runed scimitar for 147 gold pieces
  4252 | D:6      | Reached XP level 9. HP: 81/81 MP: 8/8
  4583 | D:6      | Identified the +8 short sword of Discomfort {flame, rF+ rC-
                  | Str+3 Int+4}
  4789 | D:7      | Found a staircase to the Ecumenical Temple.
  4888 | D:7      | Found an ornate altar of the Wu Jian Council.
  5297 | D:8      | Found a flagged portal.
  5396 | Bailey   | Entered a bailey
  5783 | Bailey   | Noticed an orc knight
  5808 | Bailey   | Killed an orc knight
  5809 | Bailey   | Reached XP level 10. HP: 71/91 MP: 9/9
  5958 | D:8      | Noticed Grum
  5991 | D:8      | Killed Grum
  6280 | D:8      | Found a radiant altar of Vehumet.
  6396 | Temple   | Found a transporter.
  6396 | Temple   | Found a transporter.
  6396 | Temple   | Found a transporter.
  6396 | Temple   | Found a transporter.
  6396 | Temple   | Entered the Ecumenical Temple
  6422 | Temple   | Became a worshipper of Hepliaklqana the Forgotten
  6945 | D:9      | Found a shimmering blue altar of Sif Muna.
  7046 | D:9      | Reached skill level 10 in Armour
  7136 | D:9      | Reached skill level 10 in Fighting
  7136 | D:9      | Reached skill level 10 in Shields
  7556 | D:9      | Identified the +1 chain mail of the Slug {Dex+4 Slay+2}
  7688 | D:9      | Reached skill level 10 in Long Blades
  7841 | D:9      | Noticed Erolcha
  7909 | D:10     | Entered Level 10 of the Dungeon
  8970 | D:10     | Reached * piety under Hepliaklqana
  9101 | D:11     | Noticed a two-headed ogre
  9101 | D:11     | Noticed a cyclops
  9187 | D:11     | Killed a two-headed ogre
  9188 | D:11     | Reached XP level 11. HP: 44/90 MP: 10/10
  9447 | D:11     | Identified the +1 trident "Usetzeam" {flame, Will- Str+3
                  | Int+3 Dex+2}
  9457 | D:11     | Noticed a death yak
  9465 | D:11     | Noticed a death yak
  9467 | D:11     | Noticed a death yak
  9476 | D:11     | Killed a death yak
  9486 | D:11     | Killed a death yak
  9501 | D:11     | Killed a death yak
  9636 | D:11     | Found a staircase to the Lair.
  9672 | D:11     | Noticed Erica
  9950 | D:11     | Noticed a two-headed ogre
  9959 | D:11     | Killed a two-headed ogre
 10193 | Lair:1   | Entered Level 1 of the Lair of Beasts
 10261 | Lair:1   | Found a frozen archway.
 10311 | IceCv    | Entered an ice cave
 10413 | IceCv    | Noticed a white ugly thing
 10422 | IceCv    | Killed a white ugly thing
 10912 | IceCv    | Noticed a white ugly thing
 10921 | IceCv    | HP: 4/93 [white ugly thing (8)]
 10922 | IceCv    | Slain by an anaconda simulacrum

Illustrated notes

Levels and vault maps discovered:
D:1:      dpeg_arrival_ternary, layout_rooms, serial_shops, shop, minmay_3d_cube
D:2:      layout_rooms, uniq_sigmund
D:3:      layout_basic, nemelex_altar_shiori, nicolae_overflow_two_pavilions,
          roderic_lattice_a, uniq_natasha, uniq_grinder
D:4:      layout_basic, nicolae_shop_i_like_small_books_too, uniq_eustachio
D:5:      layout_basic, serial_shops, nicolae_shop_back_alley_shop
D:6:      layout_loops_cross, st_stairs_8, minmay_unpleasant_kobolds
D:7:      layout_rooms, nzn_wu_jian_council_hall,
          minmay_temple_entry_statues_fountains
D:8:      layout_gridville, lemuel_tele_altar, enter_bailey_2, uniq_grum
D:9:      layout_loops_ring, good_gods_temple_1, hellmonk_sif_muna_bookshelves,
          serial_co_window_serial, co_window_paths_a,
          co_window_of_opportunity_a, co_window_cross_1, co_window_corner_a,
          co_window_of_opportunity_a, co_window_paths_c, co_window_2corner,
          co_window_corner_b, co_window_corner_ca, co_window_broadway_a,
          co_window_4corner_a, glass_columns_b, glass_columns_a,
          glass_columns_a, glass_columns_a, minmay_gold_behind_fungi,
          nicolae_lava_and_water, david_defended_altar_orc, uniq_erolcha
D:10:     layout_basic
D:11:     layout_roguey, dpeg_lair_monsters, uniq_erica
Temple:   hellmonk_temple_divided_pantheon
Lair:1:   layout_roguey, portal_ice_cave_entry_imps, guppyfry_lair_drakes,
          infiniplex_staircase_pool, grunt_megastairs_2, uniq_amaemon
IceCv:    ice_cave_statue_garden_chambered

Skill      XL: |  1  2  3  4  5  6  7  8  9 10 11 |
---------------+----------------------------------+-----
Armour         | 4 5 6 8 9 11 | 11.9
Fighting       | 4 5 6 8 9 10 11 | 11.9
Shields        | 4 5 6 8 9 10 11 | 11.8
Long Blades    | 3 4 5 6 7 9 10 11 | 11.5

Action                     |  1- 3 |  4- 6 |  7- 9 | 10-12 || total
---------------------------+-------+-------+-------+-------++-------
  Melee: Long sword        |    70 |       |       |       ||    70
         Headbutt          |    20 |     8 |    51 |    93 ||   172
         Short sword       |    16 |    57 |   294 |   403 ||   770
 Invoke: Ancestor Identity |       |       |       |     1 ||     1
  Evoke: Wand              |       |       |     5 |       ||     5
    Use: Scroll            |       |       |     4 |     6 ||    10
         Potion            |       |       |       |     1 ||     1
   Stab: Distracted        |       |       |       |     1 ||     1
 Armour: Scale mail        |    61 |    40 |   139 |    45 ||   285
         Plate armour      |       |       |    56 |   239 ||   295
  Dodge: Dodged            |    35 |    29 |   113 |   111 ||   288
  Block: Buckler           |    19 |    14 |    73 |   104 ||   210
